AoeStats
← chusmanu1991

MegaRandom

506421541Analyzed
1v1 RM · 18d ago on Sep 13, 2026· 41m 34s· 2 players
Game mode
Random Map
Map size
Tiny (2 player)
Population
200
Speed
Normal
Resources
Standard
Victory
Conquest
Starting age
Dark Age
Ending age
Imperial Age
RankedLock teamsTeams togetherTeam positionsShared explorationLock speedFull tech treeHidden civsTurbo modeCheats
Victory
Defeat
🇪🇸 Britons · Spain
626
+14
🇦🇷 Portuguese · Argentina
584
-14
zaphirecomputacion
6:51 Loom
14:02 Feudal Age
14:32 Double-Bit Axe
17:24 Horse Collar
20:57 Man-at-Arms
22:10 Gold Mining
30:11 Castle Age
30:55 Husbandry
38:22 Wheelbarrow
38:45 Heavy Plow
chusmanu1991
4:02 Loom
16:01 Feudal Age
17:17 Horse Collar
17:38 Double-Bit Axe
19:48 Man-at-Arms
25:42 Forging
26:36 Scale Mail Armor
26:41 Scale Barding Armor
31:24 Gold Mining
35:14 Castle Age
35:38 Long Swordsman
37:56 Iron Casting
37:54 Heavy Plow
38:00 Pikeman
38:54 Light Cavalry
41:10 Arson
41:25 Squires
Connection lost

Rejoining the realm…

Still unreachable

The connection could not be restored.

Session expired

The server has moved on; the page needs a fresh start.